 Dungeon Crawl Stone Soup version 0.22.1-2-g9c5b331 (webtiles) character file.

658 spiff the Poker (level 7, 0/55 HPs)
             Began as a Merfolk Skald on Nov 21, 2018.
             Shot with an arrow by something (4 damage)
             ... on level 5 of the Dungeon.
             The game lasted 00:24:35 (6408 turns).

spiff the Poker (Merfolk Skald)                     Turns: 6408, Time: 00:24:36

Health: 0/55       AC:  5    Str: 14    XL:     7   Next: 55%
Magic:  10/10      EV: 13    Int: 12    God:
Gold:   228        SH:  0    Dex: 13    Spells: 1/10 levels left

rFire    . . .     SeeInvis .   a - +0 spear
rCold    . . .     Gourm    .   (no shield)
rNeg     . . .     Faith    .   p - +0 ring mail
rPois    .         Spirit   .   (no helmet)
rElec    .         Reflect  .   (no cloak)
rCorr    .         Harm     .   (no gloves)
MR       .....                  (no boots)
Stlth    +.........             k - amulet of regeneration
HPRegen  0.58/turn              (no ring)
MPRegen  0.12/turn              (no ring)

@: no status effects
A: change form in water, swift swim, stealthy swim
a: no special abilities


You were on level 5 of the Dungeon.
You were not hungry.

You visited 1 branch of the dungeon, and saw 5 of its levels.

You collected 228 gold pieces.

Inventory:

Hand Weapons
 a - a +0 spear (weapon)
 c - a +0 hunting sling
Armour
 b - a +1 leather armour
 g - a +0 chain mail
 p - a +0 ring mail (worn)
Jewellery
 k - an amulet of regeneration (around neck)
Wands
 h - a wand of random effects (26)
Scrolls
 f - a scroll of amnesia
 j - 3 scrolls of enchant armour
Potions
 e - 3 potions of curing
 i - a potion of berserk rage
 l - 2 potions of heal wounds
 m - a potion of flight {unknown}
 n - 2 potions of haste
 o - a potion of agility {unknown}
 q - 2 potions of mutation {unknown}
 r - a potion of degeneration {unknown}
 s - 2 potions of magic
Comestibles
 d - 9 rations
 t - 4 chunks of flesh


   Skills:
 + Level 4.7 Fighting
 - Level 6.0 Polearms
 - Level 0.6 Armour
 + Level 5.8 Dodging
 + Level 2.3 Spellcasting
 + Level 1.0 Hexes
 - Level 5.0 Charms
 + Level 0.8 Necromancy


You had one spell level left.
You knew the following spells:

 Your Spells              Type           Power        Failure   Level  Hunger
a - Infusion              Chrm           ##..         7%          1    ##.....
b - Shroud of Golubria    Chrm/Tloc      #.........   28%         2    ###....
c - Regeneration          Chrm/Necr      #.........   43%         3    ####...
d - Spectral Weapon       Hex/Chrm       #.......     43%         3    ####...

Your spell library contained the following spells:

 Spells                   Type           Power        Failure   Level  Hunger
 Song of Slaying          Chrm           ##......     11%         2    ###....


Dungeon Overview and Level Annotations

Branches:
Dungeon (5/15)
 Temple: D:4-7

Altars:

Annotations:
D:3 Terence
D:4 1 runed door, Duvessa; smtktc's ghost, amateur DECj
D:5 Grinder


Message History

You see here a stone.
You see here a stone.
There is a stone staircase leading down here.
You see here a stone.
A centaur comes into view.
The centaur shouts!
You hear a shout!
The centaur drinks a potion.
The centaur flickers and vanishes!
Deactivating autopickup; reactivate with Ctrl-A.
An arrow appears from out of thin air!
The arrow hits you. The arrow burns you.
An arrow appears from out of thin air!
The arrow hits you! The arrow burns you.
There is an open door here.
You see here an arrow.
An arrow appears from out of thin air!
The arrow hits you! The arrow burns you!
* * * LOW HITPOINT WARNING * * *
You see here an arrow.
You close the door, pushing everything out of the way.
An arrow appears from out of thin air!
The arrow hits you!
* * * LOW HITPOINT WARNING * * *
The arrow burns you.
You die...

#...# #.# #.#
########...#######(# #.#
.......'...'....##(# #.#
########...####.##(#
#.#### ##### #.##.######
#..... #.##......# ######
#.##......#
###############.##......#
................@+>.....#
#######...######.#......#
#..(...# #.#.######
#......# #.#.# #......#
#...# #......#
##..######## #....###
#.........# #....#
#.........# #....#
#.........#


There were no monsters in sight!

Vanquished Creatures
  A sky beast (D:5)
  Dowan (D:4)
  6 killer bees
  A crimson imp (D:5)
  A hound (D:4)
  Ijyb (D:2)
  A killer bee zombie (D:5)
  7 adders
  An adder skeleton (D:5)
  3 worms
  2 leopard geckos
  5 orcs
  A giant cockroach (D:1)
  7 goblins
  2 hobgoblins
  7 jackals
  4 quokkas
  A ball python (D:2)
  3 bats
  3 frilled lizards
  5 kobolds
  3 quokka skeletons
  14 rats
80 creatures vanquished.

Notes
Turn   | Place    | Note
-------+----------+-------------------------------------------
     0 | D:1      | spiff the Merfolk Skald began the quest for the Orb.
     0 | D:1      | Reached XP level 1. HP: 16/16 MP: 3/3
   422 | D:1      | Reached XP level 2. HP: 15/23 MP: 0/5
  1476 | D:2      | Reached XP level 3. HP: 28/28 MP: 6/6
  1732 | D:2      | Learned a level 2 spell: Shroud of Golubria
  2243 | D:3      | Noticed Ijyb
  2274 | D:2      | Killed Ijyb
  2274 | D:2      | Reached skill level 4 in Polearms
  2274 | D:2      | Reached XP level 4. HP: 30/35 MP: 1/7
  2449 | D:3      | Noticed Terence
  2468 | D:3      | Found a faded altar of an unknown god.
  3128 | D:3      | Reached XP level 5. HP: 40/41 MP: 0/8
  3851 | D:4      | Noticed Duvessa
  3851 | D:4      | Noticed Dowan
  4425 | D:3      | Reached skill level 5 in Polearms
  4425 | D:3      | Reached XP level 6. HP: 24/48 MP: 0/9
  4768 | D:4      | Reached skill level 5 in Dodging
  5133 | D:4      | Found a runed door.
  5133 | D:4      | Noticed smtktc's ghost (amateur DECj)
  5133 | D:4      | Noticed a hornet
  5298 | D:4      | Killed Dowan
  5298 | D:4      | Reached skill level 5 in Charms
  5298 | D:4      | Reached XP level 7. HP: 45/55 MP: 1/10
  5474 | D:5      | Entered Level 5 of the Dungeon
  5474 | D:5      | Noticed Grinder
  5488 | D:4      | Reached skill level 6 in Polearms
  5595 | D:5      | Learned a level 3 spell: Regeneration
  5599 | D:5      | Learned a level 3 spell: Spectral Weapon
  5859 | D:5      | Noticed a hippogriff
  6187 | D:5      | Reached skill level 1 in Hexes
  6408 | D:5      | Shot with an arrow by something

Skill      XL: |  1  2  3  4  5  6  7 |
---------------+----------------------+-----
Dodging        | 3 4 5 |  5.8
Fighting       | 3 4 |  4.7
Polearms       | 4 5 6 |  6.0
Charms         | 4 5 |  5.0
Hexes          | 1 |  1.0
Armour         | |  0.6
Spellcasting   | |  2.3
Necromancy     | |  0.8

Action                   |  1- 3 |  4- 6 |  7- 9 || total
-------------------------+-------+-------+-------++-------
Melee: Spear             |   158 |   219 |    92 ||   469
       Tailslap          |     1 |       |       ||     1
 Cast: Infusion          |    13 |    20 |     5 ||    38
       Shroud of Golubri |     4 |    19 |     1 ||    24
  Use: Scroll            |     5 |     7 |     2 ||    14
  Eat: Chunk             |     3 |     4 |     1 ||     8
       Ration            |       |     3 |     1 ||     4
Armor: Leather armour    |    20 |    47 |     3 ||    70
       Ring mail         |       |       |    12 ||    12
Dodge: Dodged            |    57 |   184 |    41 ||   282
